 Dungeon Crawl Stone Soup version 0.22-a0-512-g0943f25 (webtiles) character file.

86726 Gorglomux the Fencer (level 15, -1/140 HPs)
             Began as a Deep Dwarf Gladiator on June 18, 2018.
             Was the Champion of Makhleb.
             Slain by a storm dragon (3 damage)
             ... on level 2 of the Spider Nest.
             The game lasted 00:24:50 (19310 turns).

Gorglomux the Fencer (Deep Dwarf Gladiator)        Turns: 19310, Time: 00:24:51

Health: -1/140     AC: 27    Str: 23    XL:     15   Next: 41%
Magic:  10/10      EV:  9    Int: 16    God:    Makhleb [******]
Gold:   816        SH:  0    Dex: 14    Spells: 14/14 levels left

rFire    . . .     SeeInvis .   L - +11 plutonium sword {*Contam Stlth-}
rCold    + . .     Gourm    .   (shield currently unavailable)
rNeg     + . .     Faith    +   F - +0 plate armour
rPois    .         Spirit   .   s - +2 hat {MR+}
rElec    .         Reflect  .   (no cloak)
rCorr    +         Harm     .   r - +1 pair of gloves of the Pink Corner {-Cast rC+ Int+6 Slay+5}
MR       +++..     NoCast   +   B - +0 pair of boots
Stlth    ..........             J - amulet of faith
HPRegen  0.00/turn              w - +6 ring of protection
MPRegen  0.12/turn              g - ring of resist corrosion

@: lethally poisoned (-1 -> -1), berserk cooldown, non-regenerating, slowed,
very slow
A: damage resistance, heal wounds, negative energy resistance 1, sense
surroundings 2, no regeneration
a: Heal Wounds, Minor Destruction, Lesser Servant of Makhleb, Major Destruction,
Greater Servant of Makhleb, Renounce Religion


You were on level 2 of the Spider Nest.
You worshipped Makhleb.
Makhleb was exalted by your worship.
You were not hungry.

You visited 4 branches of the dungeon, and saw 24 of its levels.
You also visited: Ice Cave.

You collected 1348 gold pieces.
You spent 532 gold pieces at shops.

Inventory:

Hand Weapons
 n - a +0 war axe of flaming
 L - the +11 plutonium sword (weapon) {*Contam Stlth-}
   (You found it on level 13 of the Dungeon)

   It causes magical contamination when unequipped.
   It makes you less stealthy.
Armour
 r - the +1 pair of gloves of the Pink Corner (worn) {-Cast rC+ Int+6 Slay+5}
   (You found it on level 6 of the Lair of Beasts)

   It affects your intelligence (+6).
   It affects your accuracy and damage with ranged weapons and melee attacks
   (+5).
   It protects you from cold.
   It prevents spellcasting.
 s - a +2 hat of magic resistance (worn)
 B - a +0 pair of boots (worn)
 F - a +0 plate armour (worn)
Jewellery
 g - a ring of resist corrosion (right hand)
 l - an uncursed ring of flight
 w - a +6 ring of protection (left hand)
 J - an amulet of faith (around neck)
Wands
 A - a wand of acid (11)
 D - a wand of digging (18)
 E - a wand of enslavement (5)
 I - a wand of iceblast (43)
 S - a wand of scattershot (5)
Scrolls
 h - a scroll of silence
 u - 5 scrolls of immolation
 y - 3 scrolls of enchant armour
 G - 3 scrolls of fog
 H - a scroll of enchant weapon
 K - 14 scrolls of remove curse
 M - 2 scrolls of magic mapping
 R - 6 scrolls of identify
 T - 5 scrolls of teleportation
Potions
 i - 3 potions of ambrosia
 k - 4 potions of degeneration
 m - a potion of brilliance
 o - 2 potions of cancellation
 v - 3 potions of heal wounds
 z - 2 potions of haste
 C - a potion of invisibility {unknown}
 N - a potion of berserk rage
 O - 5 potions of flight
 Q - 11 potions of curing
 V - 4 potions of might
 W - 5 potions of mutation
 X - 2 potions of agility
 Y - 3 potions of lignification
Miscellaneous
 U - a box of beasts
 Z - a lightning rod (4/4)
Comestibles
 f - 52 rations
 P - 2 chunks of flesh


   Skills:
 + Level 10.8 Fighting
 + Level 17.3 Long Blades
 - Level 12.4 Axes
 - Level 1.7 Throwing
 + Level 12.4 Armour
 + Level 4.7 Dodging
   Level 4.0 Shields
 + Level 8.0 Invocations


You had 14 spell levels left.
You didn't know any spells.
Your spell library contained the following spells:

 Spells                   Type           Power        Failure   Level  Hunger
 Fireball                 Conj/Fire      #.........   100%        5    ######.
 Conjure Flame            Conj/Fire      #.......     100%        3    ####...
 Lightning Bolt           Conj/Air       #.........   100%        5    ######.
 Throw Flame              Conj/Fire      #.....       98%         2    ###....
 Summon Small Mammal      Summ           #...         95%         1    ##.....
 Sticky Flame             Conj/Fire      #.......     100%        4    #####..
 Summon Ice Beast         Ice/Summ       #.......     100%        4    #####..
 Call Imp                 Summ           #.......     98%         2    ###....
 Regeneration             Chrm/Necr      #.........   100%        3    ####...
 Shock                    Conj/Air       #...         95%         1    ##.....
 Swiftness                Chrm/Air       #.......     98%         2    ###....
 Deflect Missiles         Chrm/Air       #.........   100%        6    #######
 Airstrike                Air            #.........   100%        4    #####..
 Flame Tongue             Conj/Fire      #....        95%         1    ##.....
 Call Canine Familiar     Summ           #.......     100%        3    ####...
 Silence                  Hex/Air        #.........   100%        5    ######.
 Shatter                  Erth           #.........   100%        9    #######
 Static Discharge         Conj/Air       #.......     100%        3    ####...
 Conjure Ball Lightning   Conj/Air       #.........   100%        6    #######
 Tornado                  Air            #.........   100%        9    #######
 Shroud of Golubria       Chrm/Tloc      #.........   98%         2    ###....
 Inner Flame              Hex/Fire       #.......     100%        3    ####...
 Infusion                 Chrm           #...         95%         1    ##.....
 Song of Slaying          Chrm           #.......     98%         2    ###....
 Spectral Weapon          Hex/Chrm       #.......     100%        3    ####...
 Summon Lightning Spire   Summ/Air       #.......     100%        4    #####..
 Summon Guardian Golem    Hex/Summ       #.......     100%        3    ####...
 Ignition                 Fire           #.........   100%        8    #######


Dungeon Overview and Level Annotations

Branches:
Dungeon (15/15)            Temple (1/1) D:7            Lair (6/6) D:10
 Shoals (0/4) Lair:4       Spider (2/4) Lair:2        Slime (0/5) Lair:5
    Orc (0/2) D:11         Vaults (0/5) D:14         Depths (0/5) D:15

Altars:
Ashenzari
Dithmenos
Elyvilon
Fedhas
Gozag
Hepliaklqana
Makhleb
Nemelex Xobeh
Ru
Uskayaw
Xom
Yredelemnul
Zin
Jiyva

Shops:
D:4 !   D:5 *   D:10 (   D:12 *:=[?

Annotations:
D:6 2 transporters
D:14 1 runed door, exclusion: orange crystal statue
Lair:5 exclusion: oklob plant


Innate Abilities, Weirdness & Mutations

You are resistant to damage.
You can heal yourself by infusing magical energy.
You resist negative energy. (rN+)
You passively map the area around you.
You do not regenerate.


Message History

You feel less wooden!
Your +2 hat of magic resistance unmelds from your body!
The +1 pair of gloves of the Pink Corner {-Cast rC+ Int+6 Slay+5} unmelds from your body!
Your +0 pair of boots unmelds from butt's body!
Your +0 plate armour unmelds from your body!
You feel resistant to hostile enchantments!
The storm dragon bites you but does no damage!
The storm dragon claws you!
The storm dragon tramples you but does no damage!
The storm dragon bites you!!! * * * don't die
* * * The storm dragon claws you! * * * don't die
* * * The storm dragon tramples you! * * * don't die
* * * You hold your ground!!!
Unknown command!
The storm dragon bites you but does no damage!
The storm dragon claws you!!! rip

.......#.^..#..... , ,
#........^#.......
.......#^........ ,* ,
,,, #.........^.....#.
, ,
,....?.#.#....#.... ,
* ,,
...#............#. *,
* ,
.........)....#...,,**
,
.....#......#.#..#,,*
* , ........@#......#
,* * ........D.....^.#
* #...##..#.<.#.#... ,
.#.. #.....#.#....
....=.......^..#.. ,,
, #. ...........(.# ,
,, ,....#.......#... *
, ,..#..^....... #. ,
...#.#....##* ,


You could see a storm dragon.

Vanquished Creatures
  Rupert (D:14)
  Gastronok (D:9)
  2 fire giants
  Donald (Spider:2)
  The ghost of Liukyprioga the Cruncher, a journeyman NaWz of Kikubaaqudgha (Lair:4)
  An entropy weaver (Spider:1)
  2 dire elephants (Lair:6)
  Azrael (Spider:2)
  A minotaur (Spider:1)
  A death ooze (Lair:4)
  5 hydras
  An anaconda (Lair:6)
  9 two-headed ogres
  4 centaur warriors
  6 tengu warriors
  4 unseen horrors
  3 skeletal warriors (D:15)
  A deep troll (Lair:6)
  A swamp dragon (Lair:6)
  3 orb spiders (Spider:1)
  A harpy (Spider:1)
  2 wolf spiders (Spider:1)
  An orb spider (shapeshifter) (D:15)
  5 ugly things
  2 cyclopes
  A deep elf mage (D:14)
  A manticore (Lair:4)
  A black mamba (shapeshifter) (Spider:1)
  8 elephants (Lair:6)
  A torpor snail (D:15)
  Maurice (D:8)
  2 centaur skeletons
  A water nymph (Lair:4)
  9 spiny frogs
  A gargoyle (D:11)
  2 efreet
  4 rime drakes
  A freezing wraith (D:14)
  5 komodo dragons
  3 demonic crawlers (Spider:1)
  10 trolls
  A redback zombie (D:15)
  3 tengu conjurers
  A polar bear (Lair:2)
  7 jumping spiders (Spider:1)
  8 blink frogs
  2 hornets
  7 slime creatures
  7 dream sheep (Lair:5)
  A harpy skeleton (D:14)
  8 hippogriffs
  12 redbacks
  A shadow (D:14)
  2 wyverns
  2 wraiths (D:15)
  A vampire (D:14)
  6 tarantellas
  Sigmund (D:4)
  27 yaks
  6 fire elementals
  2 basilisks
  8 vampire mosquitoes
  Edmund (D:5)
  A hungry ghost (D:13)
  A basilisk (shapeshifter) (D:14)
  An acid dragon (D:14)
  A soldier ant (D:12)
  8 water moccasins
  A hell hound (Spider:2)
  14 porcupines
  2 sky beasts
  2 black bears
  12 orc warriors
  2 ice beasts
  A necrophage (D:7)
  6 ogres
  A phantom (D:11)
  4 boggarts (D:14)
  8 wolves
  8 centaurs
  20 crocodiles
  A crocodile (shapeshifter) (D:13)
  A big kobold (D:9)
  19 bullfrogs
  A wyvern skeleton (D:13)
  3 scorpions
  A hornet simulacrum (D:15)
  11 killer bees
  7 howler monkeys
  14 wights
  2 electric eels
  2 crimson imps
  2 centaur zombies
  A lava snake (Lair:1)
  A quasit (D:9)
  14 orc priests
  3 bullfrog skeletons
  4 hounds
  13 jellies
  17 orc wizards
  6 hell rats (Lair:5)
  2 iguanas
  Natasha (thrice) (D:2)
  11 worker ants
  2 killer bee zombies
  2 hound zombies
  3 gnolls
  12 adders
  A shadow imp (D:11)
  12 white imps (Lair:1)
  7 oozes
  An adder skeleton (D:6)
  4 worms
  A leopard gecko (D:1)
  91 orcs
  8 giant cockroaches
  6 goblins
  7 hobgoblins
  12 jackals
  12 kobolds
  4 quokkas
  2 ball pythons
  6 bats
  9 frilled lizards
  A giant cockroach zombie (D:5)
  9 rats
  2 fungi (Lair:4)
  3 plants (Lair:6)
674 creatures vanquished.

Vanquished Creatures (collateral kills)
  A centaur skeleton (D:14)
1 creature vanquished.

Vanquished Creatures (others)
  A boggart (D:14)
  4 fungi (Lair:6)
  12 plants
17 creatures vanquished.

Grand Total: 692 creatures vanquished

Notes
Turn   | Place    | Note
-------+----------+-------------------------------------------
     0 | D:1      | Gorglomux the Deep Dwarf Gladiator began the quest for the Orb.
     0 | D:1      | Reached XP level 1. HP: 19/19 MP: 1/1
   149 | D:1      | Reached XP level 2. HP: 23/26 MP: 2/2
   253 | D:1      | Reached skill level 1 in Armour
   670 | D:2      | Reached XP level 3. HP: 21/33 MP: 3/3
   754 | D:2      | Noticed Natasha
   778 | D:2      | Killed Natasha
   778 | D:2      | Reached XP level 4. HP: 25/40 MP: 4/4
   831 | D:2      | Noticed Natasha
   840 | D:2      | Killed Natasha
   840 | D:2      | Reached skill level 3 in Fighting
   884 | D:2      | Noticed Natasha
   890 | D:2      | Killed Natasha
   890 | D:2      | Reached XP level 5. HP: 32/49 MP: 4/4
  1317 | D:3      | Reached skill level 3 in Armour
  2161 | D:4      | Reached skill level 1 in Shields
  2170 | D:4      | Noticed Sigmund
  2171 | D:4      | Reached XP level 6. HP: 47/56 MP: 5/5
  2197 | D:4      | Killed Sigmund
  2388 | D:4      | Found Kilo's Distillery.
  2402 | D:4      | Bought a potion of heal wounds for 55 gold pieces
  2402 | D:4      | Bought a potion of might for 44 gold pieces
  2464 | D:4      | Reached XP level 7. HP: 54/64 MP: 6/6
  2771 | D:5      | Entered Level 5 of the Dungeon
  2837 | D:5      | Found a hazy altar of Hepliaklqana.
  2895 | D:5      | Found Kuquurgha's General Store.
  2928 | D:5      | Reached skill level 3 in Shields
  2997 | D:5      | Noticed Edmund
  3027 | D:5      | Killed Edmund
  3094 | D:5      | Reached skill level 6 in Axes
  3460 | D:6      | Found a transporter.
  3466 | D:6      | Noticed a kobold demonologist
  3544 | D:6      | Reached XP level 8. HP: 43/73 MP: 7/7
  3589 | D:6      | Found a transporter.
  3590 | D:6      | Noticed a kobold demonologist
  4318 | D:7      | Found a shattered altar of Ashenzari.
  4356 | D:7      | Found a staircase to the Ecumenical Temple.
  4398 | Temple   | Entered the Ecumenical Temple
  4479 | Temple   | Became a worshipper of Makhleb the Destroyer
  4581 | D:7      | Reached skill level 6 in Armour
  4695 | D:7      | Reached skill level 6 in Fighting
  4839 | D:7      | Gained mutation: You passively map the area around you. [Deep Dwarf growth]
  4839 | D:7      | Reached XP level 9. HP: 41/82 MP: 8/8
  5143 | D:8      | Reached * piety under Makhleb
  5443 | D:8      | Noticed a purple ugly thing
  5460 | D:8      | Killed a purple ugly thing
  5475 | D:8      | Noticed a two-headed ogre
  5496 | D:8      | Killed a two-headed ogre
  5496 | D:8      | Reached skill level 9 in Axes
  5571 | D:8      | Noticed Maurice
  5625 | D:8      | Killed Maurice
  5625 | D:8      | Reached XP level 10. HP: 50/96 MP: 7/7
  6050 | D:9      | Reached skill level 9 in Armour
  6059 | D:9      | Noticed a two-headed ogre
  6065 | D:9      | Noticed Gastronok
  6112 | D:9      | Killed a two-headed ogre
  6112 | D:9      | Reached ** piety under Makhleb
  6147 | D:9      | Killed Gastronok
  6684 | D:9      | Reached skill level 9 in Fighting
  6938 | D:9      | Found a hazy altar of Hepliaklqana.
  6958 | D:10     | Entered Level 10 of the Dungeon
  7041 | D:10     | Reached XP level 11. HP: 36/106 MP: 8/8
  7056 | D:10     | Noticed a two-headed ogre
  7074 | D:10     | Killed a two-headed ogre
  7087 | D:10     | HP: 1/106 [orc priest/divine providence (11)]
  7094 | D:10     | Reached *** piety under Makhleb
  7230 | D:10     | Found Rurops's Weapon Emporium.
  7318 | D:10     | Found a staircase to the Lair.
  7420 | D:10     | Found a blossoming altar of Fedhas.
  7462 | D:10     | Bought a +2 hand axe of flaming for 208 gold pieces
  7502 | D:11     | Reached skill level 1 in Invocations
  7593 | D:11     | Found a staircase to the Orcish Mines.
  7610 | D:11     | Noticed a brown ugly thing
  7717 | D:11     | Reached **** piety under Makhleb
  8172 | D:11     | Killed a brown ugly thing
  8172 | D:11     | Reached skill level 3 in Invocations
  8500 | D:12     | Found Uvauhydu's Armour Boutique.
  8500 | D:12     | Found Sunaekk's Magic Scroll Boutique.
  8772 | D:12     | Noticed a two-headed ogre
  8791 | D:12     | Killed a two-headed ogre
  8863 | D:12     | Killed an unseen horror
  8909 | D:12     | Killed an unseen horror
  8924 | D:12     | Found Egruz's Jewellery Shop.
  8961 | D:12     | Reached skill level 12 in Axes
  8988 | D:12     | Noticed a green ugly thing
  9017 | D:12     | Killed a green ugly thing
  9042 | D:12     | Reached XP level 12. HP: 116/116 MP: 7/7
  9082 | D:12     | Reached ***** piety under Makhleb
  9131 | D:12     | Reached skill level 6 in Invocations
  9247 | D:12     | Noticed a two-headed ogre
  9260 | D:12     | Killed a two-headed ogre
  9301 | D:12     | Found Qoseam's Assorted Antiques.
  9306 | D:12     | Bought a pair of runed gloves for 225 gold pieces
  9441 | D:12     | Found Keihy's Book Shop.
  9712 | D:13     | Found the +11 plutonium sword {*Contam Stlth-}
  9737 | D:13     | Reached skill level 12 in Armour
  9791 | D:13     | Noticed a two-headed ogre
  9803 | D:13     | Killed a two-headed ogre
  9803 | D:13     | Reached skill level 2 in Long Blades
  9848 | D:13     | Paralysed by a hornet for 2 turns
  9855 | D:13     | Reached skill level 3 in Long Blades
  9948 | D:13     | Reached skill level 4 in Long Blades
 10132 | D:13     | Reached skill level 5 in Long Blades
 10261 | D:13     | Reached skill level 6 in Long Blades
 10512 | D:13     | Noticed a centaur warrior
 10518 | D:13     | Noticed a tengu warrior
 10533 | D:13     | Killed a centaur warrior
 10533 | D:13     | Reached skill level 7 in Long Blades
 10539 | D:13     | Killed a tengu warrior
 10715 | Lair:1   | Entered Level 1 of the Lair of Beasts
 10838 | Lair:1   | Reached skill level 8 in Long Blades
 10865 | Lair:1   | Found a frozen archway.
 10911 | IceCv    | Entered an ice cave
 10982 | Lair:1   | Noticed a five-headed hydra
 11003 | Lair:1   | Killed a one-headed hydra
 11218 | Lair:1   | Reached XP level 13. HP: 84/124 MP: 9/9
 11364 | Lair:1   | Reached skill level 9 in Long Blades
 11697 | Lair:2   | Found a hole to the Spider Nest.
 12430 | Lair:3   | Reached skill level 10 in Long Blades
 12682 | Lair:3   | Reached ****** piety under Makhleb
 12688 | Lair:3   | Reached skill level 11 in Long Blades
 13254 | Lair:4   | Found a runed gate.
 13351 | Lair:4   | Found a staircase to the Shoals.
 13658 | Lair:4   | Reached skill level 12 in Long Blades
 13874 | Lair:4   | Found a runed gate.
 13875 | Lair:4   | Found a runed gate.
 13883 | Lair:4   | Noticed a death ooze
 13885 | Lair:4   | Found a viscous altar of Jiyva.
 13885 | Lair:4   | Noticed Liukyprioga's ghost (journeyman NaWz)
 14159 | Lair:4   | Killed a death ooze
 14165 | Lair:4   | Killed Liukyprioga's ghost
 14432 | Lair:5   | Reached skill level 13 in Long Blades
 14646 | Lair:5   | Found a staircase to the Slime Pits.
 14679 | Lair:5   | Found a shadowy altar of Dithmenos.
 15010 | Lair:6   | Entered Level 6 of the Lair of Beasts
 15258 | Lair:6   | Gained mutation: You resist negative energy. (rN+) [Deep Dwarf growth]
 15258 | Lair:6   | Reached XP level 14. HP: 90/132 MP: 10/10
 15654 | Lair:6   | Reached skill level 14 in Long Blades
 16038 | Lair:6   | Got a pair of steaming gloves
 16049 | Lair:6   | Identified the +1 pair of gloves of the Pink Corner {-Cast rC+ Int+6 Slay+5} (You found it on level 6 of the Lair of Beasts)
 16115 | Lair:6   | Noticed a fire giant
 16115 | Lair:6   | a dire elephant changed into a fire giant
 16121 | Lair:6   | Killed a fire giant
 16625 | D:14     | Reached skill level 15 in Long Blades
 16686 | D:14     | Found a runed door.
 16690 | D:14     | Found the +6 arbalest "Damnation" {damnation}
 16928 | D:14     | Noticed Rupert
 16935 | D:14     | Killed Rupert
 16964 | D:14     | Reached skill level 16 in Long Blades
 16973 | D:14     | Found a gate to the Vaults.
 17100 | D:14     | Found a basalt altar of Yredelemnul.
 17116 | D:14     | Found a sparkling altar of Nemelex Xobeh.
 17501 | D:15     | Entered Level 15 of the Dungeon
 17596 | D:15     | Noticed a fire giant
 17713 | D:15     | Found a staircase to the Depths.
 18007 | D:15     | Killed a fire giant
 18007 | D:15     | Reached skill level 17 in Long Blades
 18007 | D:15     | Reached XP level 15. HP: 124/140 MP: 9/9
 18532 | Spider:1 | Entered Level 1 of the Spider Nest
 19240 | Spider:2 | Noticed Azrael
 19265 | Spider:2 | Killed Azrael
 19280 | Spider:2 | Noticed Donald
 19298 | Spider:2 | Killed Donald
 19307 | Spider:2 | Noticed a storm dragon
 19307 | Spider:2 | an emperor scorpion changed into a storm dragon
 19308 | Spider:2 | HP: 8/210 [storm dragon/bolt of lightning (22)]
 19309 | Spider:2 | HP: 2/140 [storm dragon (2)]
 19310 | Spider:2 | Slain by a storm dragon

Vault maps used:
D:1:      dpeg_arrival_round_b, st_stairs_13, serial_bayou_lagoon_a
D:2:      uniq_natasha
D:3:      kennysheep_cluttered_room
D:4:      serial_shops, shop, kennysheep_cross_room, uniq_sigmund
D:5:      basic_altar, first_ration, serial_shops, shop, uniq_edmund
D:6:      gammafunk_wand_slinger, minmay_misc_feat_cross,
          minmay_tree_intersection
D:7:      minmay_cornered_nines, evilmike_ruin_ashenzari,
          minmay_temple_entry_statues_pillars
D:8:      special_room, uniq_maurice
D:9:      hangedman_little_slice_of_home, nicolae_wwwww,
          david_defended_altar_elf, uniq_gastronok
D:10:     grunt_lair_entry_orc_guard_hut, serial_shops, shop_fountains,
          minmay_crystal_water, fedhas_altar_decomposition
D:11:     hiddenorc2_lemuel
D:12:     serial_shops, shop, shop, nicolae_shop_window_shopping, shop,
          nicolae_shop_statue_plus
D:14:     david_vaults_4, yredelemnul_altar_generic, basic_altar,
          minmay_crystal_box, uniq_rupert
D:15:     grunt_enter_depths_giant_problem, serial_glass, glass_columns_c,
          glass_columns_a, evilmike_butchery
Temple:   minmay_crystal_snake_temple
Lair:1:   portal_ice_cave_entry_imps
Lair:2:   spider_nest_entry_web_field, st_stairs_6
Lair:3:   minivault_27, st_stairs_12, beast_lair_carwin_7
Lair:4:   minmay_shoals_entry_beasts, gammafunk_ghost_ooze, grunt_megastairs_4
Lair:5:   nicolae_slime_entry_slimehenge, lemuel_oklob_altar,
          infiniplex_staircase_pool_2
Lair:6:   due_jungle_book, minivault_11, grunt_forest_stairs_basic,
          lemuel_fruit_tree
Spider:2: nicolae_spider_mines_1, uniq_arachne, uniq_louise, uniq_donald,
          uniq_azrael
IceCv:    ice_cave_caverns_03

Skill      XL: |  1  2  3  4  5  6  7  8  9 10 11 12 13 14 15 |
---------------+----------------------------------------------+-----
Fighting       | 2 3 4 6 7 9 10 | 10.8
Armour         | 1 2 3 4 5 6 8 10 11 12 | 12.4
Axes           | 4 5 6 7 9 10 12 | 12.4
Shields        | 1 2 4 |  4.0
Invocations    | 5 6 8 |  8.0
Long Blades    | 8 13 17 | 17.3
Dodging        | 4 |  4.7
Throwing       | |  1.7

Action                   |  1- 3 |  4- 6 |  7- 9 | 10-12 | 13-15 || total
-------------------------+-------+-------+-------+-------+-------++-------
Melee: War axe           |   109 |   173 |   194 |       |       ||   476
       Hand axe          |       |       |   310 |  1279 |   370 ||  1959
       Triple sword      |       |       |       |       |   568 ||   568
Throw: Throwing net      |       |     1 |     2 |     1 |       ||     4
Invok: Minor Destruction |       |       |       |     5 |     2 ||     7
 Abil: Heal Wounds       |     1 |     3 |     8 |    11 |     8 ||    31
Evoke: Wand              |       |       |       |     1 |     3 ||     4
       Lightning rod     |       |       |       |       |     8 ||     8
  Use: Potion            |       |       |       |     1 |     7 ||     8
       Scroll            |       |       |       |    18 |    13 ||    31
 Stab: Sleeping          |     1 |     1 |       |       |       ||     2
       Held in net/web   |       |       |     1 |     1 |       ||     2
       Paralysed         |       |       |       |    10 |       ||    10
  Eat: Chunk             |       |     6 |    11 |    24 |    28 ||    69
Armor: Leather armour    |    33 |    24 |       |       |       ||    57
       Chain mail        |       |    23 |       |       |       ||    23
       Plate armour      |       |    41 |   285 |   749 |   823 ||  1898
       Skin              |       |       |       |       |    30 ||    30
Dodge: Dodged            |   100 |    76 |   158 |   473 |   538 ||  1345
Block: Buckler           |       |    19 |    93 |   193 |       ||   305
       Rpst.: Triple sword |       |       |       |       |    81 ||    81

Table legend:
 A = Spawn XP
 B = Non-spawn XP
 C = Spawn XP percentage of total XP
 D = Spawn monster count
 E = Non-spawn monster count
 F = Spawn count percentage of total count
 G = Total turns spent on level
                    A         B        C        D         E        F      G
               +---------+---------+-------+---------+---------+-------+---------
         Total |       0 |  123895 |   0.0 |       0 |     671 |   0.0 | 19310
               +---------+---------+-------+---------+---------+-------+---------
           D:1 |       0 |      36 |   0.0 |       0 |      22 |   0.0 |   595
           D:2 |       0 |     175 |   0.0 |       0 |      17 |   0.0 |   569
           D:3 |       0 |      65 |   0.0 |       0 |      27 |   0.0 |   869
           D:4 |       0 |     467 |   0.0 |       0 |      21 |   0.0 |   738
           D:5 |       0 |     631 |   0.0 |       0 |      19 |   0.0 |   646
           D:6 |       0 |     441 |   0.0 |       0 |      18 |   0.0 |   814
           D:7 |       0 |    1073 |   0.0 |       0 |      21 |   0.0 |   702
           D:8 |       0 |    3151 |   0.0 |       0 |      38 |   0.0 |   946
           D:9 |       0 |    4461 |   0.0 |       0 |      32 |   0.0 |   982
          D:10 |       0 |    2826 |   0.0 |       0 |      32 |   0.0 |   553
          D:11 |       0 |    3363 |   0.0 |       0 |      61 |   0.0 |  1163
          D:12 |       0 |    8994 |   0.0 |       0 |      50 |   0.0 |  1212
          D:13 |       0 |    8663 |   0.0 |       0 |      30 |   0.0 |   994
          D:14 |       0 |   16669 |   0.0 |       0 |      44 |   0.0 |   921
          D:15 |       0 |   12397 |   0.0 |       0 |      28 |   0.0 |   860
        Lair:1 |       0 |    5281 |   0.0 |       0 |      35 |   0.0 |   919
        Lair:2 |       0 |    2181 |   0.0 |       0 |      14 |   0.0 |   758
        Lair:3 |       0 |    5270 |   0.0 |       0 |      20 |   0.0 |   837
        Lair:4 |       0 |   11106 |   0.0 |       0 |      36 |   0.0 |  1183
        Lair:5 |       0 |    3731 |   0.0 |       0 |      26 |   0.0 |   650
        Lair:6 |       0 |   14576 |   0.0 |       0 |      31 |   0.0 |  1436
      Spider:1 |       0 |   13821 |   0.0 |       0 |      39 |   0.0 |   716
      Spider:2 |       0 |    4282 |   0.0 |       0 |       8 |   0.0 |    62
         IceCv |       0 |     235 |   0.0 |       0 |       2 |   0.0 |    61
               +---------+---------+-------+---------+---------+-------+---------
